 Dungeon Crawl Stone Soup version 0.29-a0-700-g2f1814c7b2 (webtiles) character file.

Game seed: 4864636832461107676

33 vulpzor the Shield-Bearer (level 3, -3/33 HPs)
             Began as a Minotaur Fighter on June 25, 2022.
             Was a Believer of Elyvilon.
             Slain by an iguana (8 damage)
             ... on level 3 of the Dungeon.
             The game lasted 00:04:05 (1356 turns).

vulpzor the Shield-Bearer (Minotaur Fighter)        Turns: 1356, Time: 00:04:06

Health: -3/33      AC:  7    Str: 20    XL:     3   Next: 12%
Magic:  2/2        EV:  9    Int:  5    God:    Elyvilon [**....]
Gold:   62         SH:  0    Dex: 11    Spells: 2/2 levels left

rFire   . . .      SeeInvis .   a - +0 long sword
rCold   . . .      Faith    .   c - +0 buckler
rNeg    . . .      Spirit   .   b - +0 scale mail
rPois   .          Reflect  .   (helmet restricted)
rElec   .          Harm     .   (no cloak)
rCorr   .          Rampage  .   (no gloves)
Will    .....                   (no boots)
Stlth   ..........              (no amulet)
HPRegen 0.11/turn               (no ring)
MPRegen 0.08/turn               (no ring)

@: confused
A: horns 2, retaliatory headbutt
a: Renounce Religion, Purification, Heal Other


You were on level 3 of the Dungeon.
You worshipped Elyvilon.
Elyvilon was pleased with you.
You visited 1 branch of the dungeon, and saw 3 of its levels.

You collected 62 gold pieces.

Inventory:

Hand Weapons
 a - a +0 long sword (weapon)
Armour
 b - a +0 scale mail (worn)
 c - a +0 buckler (worn)
Magical Staves
 g - a staff of conjuration
Scrolls
 f - a scroll of noise {unknown}
 h - a scroll of identify {unknown}
 j - a scroll of torment {unknown}
Potions
 d - a potion of might
 e - a potion of invisibility
 i - a potion of heal wounds {unknown}
 k - a potion of degeneration {unknown}
 l - a potion of curing {unknown}
 m - a potion of lignification {unknown}


   Skills:
 + Level 4.0 Fighting
 + Level 3.0 Long Blades
 + Level 4.0 Armour
 + Level 4.1 Shields


You had 2 spell levels left.
You didn't know any spells.
Your spell library was empty.

Dungeon Overview and Level Annotations

Branches:
Dungeon (3/15)

Altars:
Elyvilon


Innate Abilities, Weirdness & Mutations

You have a pair of horns on your head.
You reflexively headbutt those who attack you in melee.


Message History

Something tries to affect you, but you resist.
You feel less confused.
You barely miss something.
You hear some strange, mumbled words.
You are confused.
Something hits you.
You completely miss something. Something hits you but does no damage.
You barely miss something.
You hear some strange, mumbled words.
A magic dart appears from out of thin air!
The magic dart hits you.
You hear some strange, mumbled words.
You are more confused.
Something hits you but does no damage. Something hits you but does no damage.
Something hits you but does no damage.
There is a stone staircase leading down here.
Something hits you but does no damage.
In your confused state, you trip and fall down the stairs.
* * * LOW HITPOINT WARNING * * *
You climb downwards.
Reactivating autopickup.
The iguana hisses angrily.
The adder hisses angrily.
Found 24 gold pieces, 5 large rocks and 5 stones.
There is a stone staircase leading up here.
You bump into the rock wall.
You hear some strange, mumbled words.
Deactivating autopickup; reactivate with Ctrl-A.
You are more confused.
Something hits you.
* * * LOW HITPOINT WARNING * * *
In your confused state, you trip and fall back down the stairs.
* * * LOW HITPOINT WARNING * * *
Something hits you but does no damage.
The iguana bites you but does no damage.
You can't go down here!
Something hits you.
* * * LOW HITPOINT WARNING * * *
The iguana bites you!
You die...

#......##
........##
.........#
.........#
.........#
.........#
.......l.#
.......@#
..$.....#
.....$.S.
....S.....
...........
.........(..
.....(....##.
..........#
.#


You could see an iguana, an adder and a ball python.

Vanquished Creatures
  An orc (D:2)
  3 ball pythons (D:2)
  2 endoplasms
  3 goblins
  5 hobgoblins
  A quokka (D:1)
  4 bats (D:1)
  2 frilled lizards
  5 kobolds
  5 rats
31 creatures vanquished.

Notes
Turn   | Place    | Note
-------+----------+-------------------------------------------
     0 | D:1      | vulpzor the Minotaur Fighter began the quest for the Orb.
     0 | D:1      | Reached XP level 1. HP: 19/19 MP: 0/0
   374 | D:1      | Reached XP level 2. HP: 26/27 MP: 1/1
   415 | D:1      | Found a faded altar of an unknown god.
   434 | D:1      | Prayed at the altar of an unknown god.
   434 | D:1      | Became a worshipper of Elyvilon the Healer
   434 | D:1      | Reached * piety under Elyvilon
   871 | D:2      | Reached ** piety under Elyvilon
  1059 | D:2      | Reached XP level 3. HP: 33/33 MP: 2/2
  1296 | D:2      | Elyvilon protects you from harm!
  1356 | D:3      | Slain by an iguana

Illustrated notes

Levels and vault maps discovered:
D:1:      lightli_arrival_flooded_house, layout_rooms,
          shapermc_ecumenical_altar_totnotflames
D:2:      layout_loops_corners, serial_forest, infiniplex_forest_straight_5,
          infiniplex_forest_clump_long, infiniplex_forest_straight_5,
          infiniplex_forest_clump_double, infiniplex_forest_zigzag_1
D:3:      layout_rooms

Skill      XL: |  1  2 |
---------------+-------+-----
Shields        | 4 |  4.1
Fighting       | 4 |  4.0
Long Blades    | 3 |  3.0
Armour         | 4 |  4.0

Action                   || total
-------------------------++-------
Melee: Long sword        ||    70
       Headbutt          ||     9
  Use: Scroll            ||     1
       Potion            ||     1
Armor: Scale mail        ||    34
Dodge: Dodged            ||    39
Block: Buckler           ||    14

Table legend: (Time is in decaauts)
 A = Elapsed time spent in this place.
 B = Non-inter-level travel time spent in this place.
 C = Inter-level travel time spent in this place.
 D = Time resting spent in this place.
 E = Time spent auto-exploring this place.
 F = Levels seen in this place.
 G = Mean time per level.
                   A        B        C        D        E       F      G
               +--------+--------+--------+--------+--------+-----+--------+
         Total |   1376 |   1376 |      0 |      0 |   1028 |   3 |  458.7 |
       Dungeon |   1376 |   1376 |      0 |      0 |   1028 |   3 |  458.7 |
               +--------+--------+--------+--------+--------+-----+--------+

Top non-repeatable levels by time:
     D:1: 691 daAuts
     D:2: 681 daAuts
     D:3: 3 daAuts
